Map: Beckett Industries LE

Players

Aleanderxoo - Winner!

  • Race: Zerg Zerg
  • League: Diamond

Woogie

  • Race: Protoss Protoss
  • League: Diamond

VOD

Have the link to the VOD?

Description

Time

  • Played on: March 14, 2022, 9:26 p.m.
  • Length: 11:28
Show
View Real Time Build Order
Export as new Build Order

Aleanderxoo Zerg - Winner!

Build Orders: 3 Hatch before Pool 

Get SALT Encoding   

  12  0:01  Drone  
  13  0:08  Drone  
  14  0:15  Extractor  
  14  0:16  Drone  
  15  0:22  Overlord  
  15  0:40  Drone x2  
  17  0:47  Drone  
  18  1:00  Hatchery  
  18  1:03  Drone  
  18  1:10  Drone  
  19  1:17  Drone  
  20  1:29  Hatchery  
  20  1:32  Drone  
  20  1:37  Extractor  
  20  1:38  Drone  
  20  1:49  Overlord  
  20  1:55  Spawning Pool  
  19  2:04  Drone  
  20  2:13  Drone x2  
  22  2:21  Drone  
  23  2:23  Drone  
  24  2:34  Drone x2  
  26  2:41  Drone  
  26  2:42  Drone  
  26  2:44  Queen x2  
  28  2:49  Queen  
  34  2:53  Drone  
  34  2:55  Drone  
  34  2:56  Drone  
  37  3:00  Metabolic Boost  
  37  3:04  Zergling x2  
  38  3:05  Drone  
  38  3:07  Drone  
  38  3:12  Overlord  
  40  3:14  Drone  
  40  3:16  Drone  
  42  3:20  Overlord  
  42  3:30  Drone, Overlord  
  42  3:31  Drone  
  44  3:35  Zergling x2  
  44  3:37  Zergling x2  
  44  3:39  Burrow  
  44  3:40  Zergling x2  
  47  3:49  Drone  
  47  3:50  Drone  
  47  3:53  Drone  
  47  3:54  Drone x3  
  53  3:56  Drone  
  53  3:57  Drone x2  
  53  3:59  Drone x4  
  53  4:00  Drone  
  61  4:12  Drone x4  
  61  4:16  Spore Crawler  
  64  4:17  Extractor  
  64  4:18  Spore Crawler  
  64  4:21  Spore Crawler  
  61  4:26  Overlord  
  61  4:27  Overlord  
  61  4:31  Overlord  
  61  4:40  Extractor  
  61  4:42  Extractor  
  61  4:43  Overlord x2, Extractor  
  61  4:44  Queen x2  
  62  4:46  Drone x2  
  62  4:47  Drone x3  
  62  4:48  Drone  
  62  4:49  Drone x3  
  62  4:50  Extractor  
  70  5:11  Drone x3  
  70  5:12  Drone x10  
  83  5:22  Lair  
  83  5:26  Drone  
  83  5:28  Zergling x8, Evolution Chamber x2  
  87  5:29  Zergling x2  
  87  5:33  Baneling Nest  
  85  5:43  Zergling x6  
  85  5:46  Zergling x2  
  89  5:56  Zerg Ground Armor Level 1, Zerg Melee Weapons Level 1  
  89  5:58  Zergling x8  
  89  5:59  Zergling x4  
  89  6:01  Zergling x2  
  96  6:04  Overlord x3  
  96  6:10  Drone  
  97  6:11  Overlord x2  
  97  6:15  Extractor  
  97  6:17  Hatchery  
  95  6:19  Baneling x9  
  95  6:20  Zergling x6, Extractor  
  97  6:34  Drone  
  97  6:35  Drone  
  97  6:39  Drone x3  
  102  6:40  Drone x2  
  102  6:41  Drone  
  102  6:42  Drone  
  102  6:43  Drone  
  107  6:53  Zergling x6  
  110  6:55  Zergling x2  
  110  6:56  Zergling x4  
  112  7:02  Zergling x10  
  112  7:06  Drone, Spire  
  117  7:16  Centrifugal Hooks  
  117  7:28  Zergling x20  
  127  7:36  Zergling x8  
  131  7:45  Drone  
  131  7:47  Drone x3  
  131  7:48  Drone x3  
  131  7:50  Spore Crawler  
  137  7:52  Drone x3  
  137  7:54  Spine Crawler  
  137  7:55  Overlord  
  137  7:56  Overlord x3  
  139  7:58  Hatchery, Extractor  
  139  8:00  Extractor  
  133  8:18  Zergling x24  
  130  8:21  Zergling x6  
  130  8:23  Zergling x2  
  121  8:29  Zergling x6  
  114  8:47  Zerg Ground Armor Level 2, Zerg Melee Weapons Level 2  
  113  8:53  Zerg Flyer Weapons Level 1, Corruptor x7  
  113  8:54  Zergling x2, Infestation Pit  
  113  8:55  Zergling x12  
  133  8:56  Zergling x2  
  133  9:00  Baneling x13  
  134  9:04  Drone  
  134  9:05  Drone x4  
  134  9:07  Zergling x2  
  134  9:08  Zergling x10  
  145  9:16  Overlord x2  
  145  9:18  Overlord  
  145  9:19  Overseer x2  
  146  9:24  Zergling x18  
  154  9:43  Zergling x24  
  166  9:45  Spore Crawler  
  166  9:46  Hive  
  166  9:48  Spore Crawler  
  164  9:53  Pneumatized Carapace  
  164  9:59  Zergling x2  
  167  10:00  Zergling x28  
  175  10:12  Zergling x2  
  175  10:13  Zergling x8  
  178  10:19  Spore Crawler  
  178  10:20  Spine Crawler  
  172  10:21  Drone  
  172  10:22  Drone x8, Spine Crawler  
  172  10:25  Spine Crawler  
  166  10:43  Zergling x2  
  166  10:44  Zergling x22  
  154  10:50  Zergling x14  
Show
View Real Time Build Order
Export as new Build Order

Woogie Protoss 

Build Orders: 1 Gate Expand, Phoenix Opening 

Get SALT Encoding   

  12  0:00  Probe  
  13  0:12  Probe  
  14  0:20  Pylon  
  14  0:24  Probe  
  15  0:38  Probe (Chrono Boost)  
  15  0:41  Gateway  
  16  0:47  Probe (Chrono Boost)  
  16  0:49  Assimilator  
  17  0:53  Probe  
  18  1:05  Probe  
  19  1:17  Probe  
  20  1:30  Nexus  
  20  1:42  Cybernetics Core  
  20  1:47  Probe, Assimilator  
  21  1:55  Pylon  
  21  1:59  Probe  
  22  2:04  Pylon  
  22  2:13  Probe  
  23  2:18  Forge  
  23  2:21  Stalker  
  25  2:24  Warp Gate  
  25  2:30  Probe  
  26  2:43  Stargate  
  27  2:44  Probe (Chrono Boost)  
  27  2:45  Probe (Chrono Boost)  
  28  2:53  Sentry  
  28  2:55  Probe x2 (Chrono Boost)  
  32  3:01  Probe  
  32  3:02  Probe  
  34  3:07  Protoss Ground Weapons Level 1 (Chrono Boost)  
  34  3:14  Probe x2  
  34  3:19  Assimilator  
  36  3:26  Probe x2  
  38  3:29  Phoenix  
  40  3:36  Pylon  
  40  3:38  Probe x2  
  40  3:40  Stalker  
  44  3:50  Probe  
  44  3:51  Probe, Pylon  
  46  3:59  Phoenix  
  48  4:03  Probe  
  49  4:10  Probe  
  49  4:15  Probe  
  51  4:18  Assimilator  
  51  4:19  Stalker  
  51  4:22  Probe  
  51  4:24  Gateway  
  54  4:27  Probe, Gateway  
  54  4:28  Phoenix  
  57  4:34  Probe  
  58  4:42  Stalker  
  59  5:06  Twilight Council  
  59  5:09  Forge  
  59  5:17  Robotics Facility  
  59  5:27  Probe x2  
  61  5:34  Protoss Ground Weapons Level 2 (Chrono Boost)  
  61  5:35  Protoss Ground Armor Level 1 (Chrono Boost)  
  61  5:39  Pylon  
  61  5:40  Pylon x2  
  61  5:53  Pylon  
  61  5:58  Oracle  
  64  6:04  Pylon  
  64  6:05  Observer  
  64  6:06  Pylon  
  64  6:07  Zealot, Charge (Chrono Boost)  
  64  6:08  Zealot x2  
  64  6:10  Pylon  
  71  6:24  Probe x2  
  73  6:30  Gateway  
  73  6:33  Gateway  
  73  6:35  Gateway  
  73  6:36  Immortal  
  73  6:39  Gateway  
  77  6:41  Gateway  
  77  6:46  Nexus  
  77  6:52  Zealot x2  
  81  6:55  Zealot  
  81  6:58  Nexus  
  83  7:04  Probe x2  
  85  7:16  Zealot x2, Photon Cannon  
  85  7:17  Shield Battery  
  85  7:18  Zealot  
  85  7:19  Pylon  
  91  7:47  Stalker  
  91  7:48  Stalker x4  
  91  7:49  Stalker x3  
  107  7:59  Probe x3  
  96  8:26  Stalker x5  
  84  8:27  Stalker x3  
  82  8:49  Templar Archives  
  82  9:01  Assimilator  
  82  9:02  Zealot x3  
  84  9:03  Nexus, Zealot x3  
  84  9:04  Assimilator  
  94  9:18  Pylon x2  
  94  9:21  Observer  
  95  9:25  High Templar x3  
  95  9:27  Probe x3  
  95  9:30  Archon  
  104  9:39  Probe  
  104  9:41  Probe  
  104  9:42  Probe, Observer  
  104  9:43  High Templar  
  110  9:46  Zealot x4  
  110  9:51  Probe  
  119  10:05  Archon  
  119  10:10  Zealot x5  
  119  10:11  Zealot x2  
  118  10:30  Nexus  
  118  10:31  Pylon  
  118  10:34  Pylon  
  110  10:36  Pylon, High Templar  
  110  10:37  High Templar x4  
  86  10:52  Archon x2  
  79  11:00  High Templar x2  
  79  11:01  Zealot  
  83  11:05  Archon  
  83  11:17  Zealot x4  
  83  11:18  Zealot  
Tags
 
Add a new tag
Caveats
  • Supply blocks, unpowered buildings, or Contaminate may cause inaccurate times.
  • Supply counts are checked every 10 seconds.